 Dungeon Crawl Stone Soup version 0.28-a0-1616-g050a50673c (webtiles) character file.

Game seed: 1061372789909404708

34 sizableburger the Caller (level 3, -6/20 HPs)
             Began as a Kobold Summoner on Jan 22, 2022.
             Mangled by Sigmund (7 damage)
             ... on level 2 of the Dungeon.
             The game lasted 00:04:39 (2470 turns).

sizableburger the Caller (Kobold Summoner)          Turns: 2470, Time: 00:04:40

Health: -6/20      AC:  4    Str:  5    XL:     3   Next: 50%
Magic:  9/16       EV: 15    Int: 18    God:
Gold:   80         SH:  0    Dex: 15    Spells: 3/7 levels left

rFire   . . .      SeeInvis .   b - +0 dagger
rCold   . . .      Faith    .   (no shield)
rNeg    . . .      Spirit   .   a - +0 robe
rPois   .          Reflect  .   i - +0 helmet
rElec   .          Harm     .   (no cloak)
rCorr   .          Rampage  .   e - +0 pair of gloves
Will    .....                   (no boots)
Stlth   +++.......              (no amulet)
HPRegen 0.06/turn               j - ring of magical power
MPRegen 0.15/turn               (no ring)

@: no status effects
A: small, no large weapons, nightstalker 3
a: no special abilities


You were on level 2 of the Dungeon.
You visited 1 branch of the dungeon, and saw 2 of its levels.

You collected 80 gold pieces.

Inventory:

Hand Weapons
 b - a +0 dagger (weapon)
Armour
 a - a +0 robe (worn)
 e - a +0 pair of gloves (worn)
 i - a +0 helmet (worn)
Jewellery
 c - a ring of fire
 j - a ring of magical power (left hand)
Scrolls
 d - a scroll of amnesia {unknown}
 f - a scroll of vulnerability {unknown}
 g - a scroll of identify {unknown}
Potions
 h - a potion of haste {unknown}


   Skills:
 + Level 1.5 Fighting
 - Level 2.4 Dodging
 - Level 2.6 Stealth
 + Level 2.7 Spellcasting
 + Level 4.4 Summonings


You had 3 spell levels left.
You knew the following spells:

 Your Spells              Type           Power      Damage    Failure   Level
a - Summon Small Mammal   Summ           72%        N/A       2%          1
b - Call Canine Familiar  Summ           18%        N/A       9%          3

Your spell library contained the following spells:

 Spells                   Type           Power      Damage    Failure   Level
 Call Imp                 Summ           18%        N/A       4%          2
 Summon Guardian Golem    Hex/Summ       10%        N/A       21%         3
 Summon Lightning Spire   Summ/Air       10%        N/A       56%         4


Dungeon Overview and Level Annotations

Branches:
Dungeon (2/15)

Altars:
Xom

Annotations:
D:2 Sigmund


Innate Abilities, Weirdness & Mutations

You are small and have problems with some larger weapons.
You are completely attuned to the shadows.


Message History

Your bat barely misses something.
Your hound bites something but does no damage.
Your hound barely misses something.
Your bat hits something but does no damage.
A puff of flame appears from out of thin air!
The puff of flame hits your bat!
Your bat dies!
Your bat's corpse disappears in a puff of smoke!
Your hound barely misses something.
Okay, then.
Your hound bites something.
You hear some strange, mumbled words.
Your hound appears confused.
Your hound bites something but does no damage.
You feel less confused. Something hits your hound!
A magic dart appears from out of thin air!
Something barely misses your quokka.
Casting: Summon Small Mammal (safe; 2% risk of failure)
Confirm with . or Enter, or press ? or * to list all spells.
The spell is quite dangerous to miscast (9% risk of failure)!
Continue anyway?
A magic dart appears from out of thin air!
The magic dart hits your quokka!
Your quokka dies!
Your quokka's corpse disappears in a puff of smoke!
Casting: Call Canine Familiar (quite dangerous; 9% risk of failure)
Confirm with . or Enter, or press ? or * to list all spells.
You hear a shout!
Your hound closely misses something.
You swap places.
Your hound bites something but does no damage.
Your bat closely misses something.
Your bat hits something but does no damage.
Your hound bites something but does no damage.
Something hits you!
* * * LOW HITPOINT WARNING * * *
Your hound bites something.
There is a stone staircase leading up, spattered with blood here.
Your hound bites something.
Something hits you!
You die...

#h########.#.#..................
#.# #.#.#.################# #.#
#.#.#.# #...# #h# #.#.#.# #...#
#.# #.#...# #...# #.#
#.############### #...# #.#
#...............# #...# #.#
###############.# #...# #.#
#....@..#...##.# #...# #.#
#.###.#h#.#.##.###...# #.#
#.#..................'
#.#########.#.#...b.#.##.###...#
#...@.....#..>...........)).....
#########.#.........>.#..##.....
#.#..............##.....
#h..............###.....
################# #.....


You could see a friendly hound (summoned).

Vanquished Creatures
  A worm (D:2)
  A ball python (D:2)
  3 bats (D:1)
  2 endoplasms (D:1)
  A giant cockroach (D:1)
  4 goblins
  2 hobgoblins (D:1)
  A quokka (D:1)
  3 rats
18 creatures vanquished.

Vanquished Creatures (collateral kills)
  2 giant cockroaches (D:1)
  A goblin (D:2)
  3 hobgoblins
  A bat (D:2)
  2 kobolds
9 creatures vanquished.

Grand Total: 27 creatures vanquished

Notes
Turn   | Place    | Note
-------+----------+-------------------------------------------
     0 | D:1      | sizableburger the Kobold Summoner began the quest for the
                  | Orb.
     0 | D:1      | Reached XP level 1. HP: 10/10 MP: 3/3
   232 | D:1      | Reached XP level 2. HP: 11/16 MP: 1/5
   802 | D:1      | Reached skill level 1 in Fighting
  1063 | D:1      | Reached XP level 3. HP: 16/20 MP: 6/6
  1193 | D:1      | Found a faded altar of an unknown god.
  1238 | D:1      | Learned a level 3 spell: Call Canine Familiar
  1322 | D:2      | Noticed Sigmund
  1886 | D:2      | Found a shimmering altar of Xom.
  2469 | D:2      | HP: 1/20 [something (8)]
  2470 | D:2      | Mangled by Sigmund

Illustrated notes

Levels and vault maps discovered:
D:1:      lightli_molten_gateway, layout_loops_corners,
          shapermc_ecumenical_altar_flowoftime
D:2:      layout_basic, basic_altar, uniq_sigmund, uniq_terence

Skill      XL: |  1  2 |
---------------+-------+-----
Fighting       | 1 |  1.5
Dodging        | |  2.4
Stealth        | |  2.6
Spellcasting   | |  2.7
Summonings     | |  4.4

Action                   || total
-------------------------++-------
Melee: Unarmed           ||    14
       Dagger            ||    81
       Punch             ||     1
 Cast: Summon Small Mamm ||    20
       Call Canine Famil ||     9
 Stab: Sleeping          ||     7
Armor: Robe              ||    13
Dodge: Dodged            ||    60

Table legend: (Time is in decaauts)
 A = Elapsed time spent in this place.
 B = Non-inter-level travel time spent in this place.
 C = Inter-level travel time spent in this place.
 D = Time resting spent in this place.
 E = Time spent auto-exploring this place.
 F = Levels seen in this place.
 G = Mean time per level.
                   A        B        C        D        E       F      G
               +--------+--------+--------+--------+--------+-----+--------+
         Total |   2469 |   2413 |     56 |    625 |   1409 |   2 | 1234.5 |
       Dungeon |   2469 |   2413 |     56 |    625 |   1409 |   2 | 1234.5 |
               +--------+--------+--------+--------+--------+-----+--------+

Top non-repeatable levels by time:
     D:1: 1321 daAuts
     D:2: 1148 daAuts
